 Dungeon Crawl Stone Soup version 0.28-a0-1555-g9ae15a6949 (webtiles) character file.

Game seed: 12217019053289907632

168 poover the Magician (level 5, -1/35 HPs)
             Began as a Djinni Conjurer on Jan 18, 2022.
             Slain by an orc (3 damage)
             ... on level 5 of the Dungeon.
             The game lasted 00:08:28 (5040 turns).

poover the Magician (Djinni Conjurer)               Turns: 5040, Time: 00:08:29

Health: -1/35      AC:  3    Str:  6    XL:     5   Next: 77%
Gold:   73         EV: 12    Int: 22    God:
                   SH:  0    Dex: 11

rFire   + + .      SeeInvis .   (no weapon)
rCold   x . .      Faith    .   (no shield)
rNeg    . . .      Spirit   .   a - +0 robe
rPois   ∞          Reflect  .   f - +1 hat
rElec   .          Harm     .   (no cloak)
rCorr   .          Rampage  .   (no gloves)
Will    .....                   (boots unavailable)
Stlth   ++........              (no amulet)
HPRegen 0.11/turn               (no ring)
MPRegen 0.00/turn               (no ring)

@: mighty, flying
A: sickness immunity, fire resistance 2, cold vulnerability 1, float, innate
caster, hp casting, extra vitality 1
a: no special abilities


You were on level 5 of the Dungeon.
You visited 1 branch of the dungeon, and saw 4 of its levels.

You collected 73 gold pieces.

Inventory:

Missiles
 d - 5 poisoned darts
Armour
 a - a +0 robe (worn)
 f - a +1 hat (worn)
Jewellery
 i - an amulet of faith
Scrolls
 c - 3 scrolls of teleportation {unknown}
 e - a scroll of noise {unknown}
 g - a scroll of torment {unknown}
 j - a scroll of enchant weapon {unknown}
 l - a scroll of fear {unknown}
 m - a scroll of vulnerability {unknown}
 n - a scroll of blinking {unknown}
Potions
 h - a potion of might
 k - a potion of heal wounds {unknown}
 o - a potion of brilliance {unknown}


   Skills:
 + Level 2.5 Dodging
 + Level 2.3 Stealth
 + Level 0.1 Unarmed Combat
 * Level 4.8 Spellcasting


You couldn't memorise any spells.
You knew the following spells:

 Your Spells              Type           Power      Damage    Failure   Level
a - Magic Dart            Conj           100%       1d8       1%          1
b - Searing Ray           Conj           52%        2d6       2%          2
c - Dazzling Flash        Conj/Hex       52%        N/A       4%          3
d - Fulminant Prism       Conj/Hex       13%        3d9       14%         4
e - Iskenderun's Mystic   Conj/Tloc      26%        2d7       14%         4
f - Sting                 Tmut/Pois      100%       1d8       1%          1
g - Static Discharge      Conj/Air       26%        N/A       2%          2
Your spell library was empty.

Dungeon Overview and Level Annotations

Branches:
Dungeon (3/15)

Altars:

Shops:
D:2 *

Annotations:
D:2 Sigmund
D:3 1 runed translucent door, Crazy Yiuf
D:5 Pikel


Innate Abilities, Weirdness & Mutations

You are immune to sickness and miasma.
You are immune to poison.
Your flesh is very heat resistant. (rF++)
You are vulnerable to cold. (rC-)
You float through the air rather than walking.
You learn spells naturally, not from books.
Your magical power is your life essence.
You have superior vitality. (+4 MHP)


Message History

There is an open door here.
Things that are here:
a +0 hunting sling; a +0 dagger; 21 stones
Things that are here:
a ball python skeleton; an adder skeleton
Found an escape hatch in the floor.
A sourceless malevolence fills the Dungeon...
You are sucked into a shaft and drop 2 floors!
The shaft crumbles and collapses.
Pikel and 4 lemures come into view.
Pikel is wielding a +0 whip of flaming.
The lemure shouts! x4; Pikel shouts!
You hear a shout! x2
Found a buckler and a scale mail.
Okay, then.
Casting: Magic Dart (safe; 1% risk of failure)
Confirm with . or Enter, or press ? or * to list all spells.
Casting: Dazzling Flash (dangerous; 4% risk of failure)
Press: ? - help, Dir - look around, f - activate Pikel is dazzled.
The lemure is dazzled. x4; Pikel barely misses you.
The lemure hits you. The lemure completely misses you. The lemure hits you.
The lemure hits you! The lemure misses you.
The lemure is no longer blind.
An orc comes into view. It is wielding a +0 club.
The lemure misses you. The orc misses you.
The lemure is no longer blind. x3; The lemure hits you!
* * * LOW HITPOINT WARNING * * *
The orc hits you with a +0 club.
* * * LOW HITPOINT WARNING * * *
An orc priest and 2 orcs come into view.
The orc priest shouts!
The orc shouts! x2
Pikel is no longer blind.
The orc hits you with a +0 club.
* * * LOW HITPOINT WARNING * * *
It was a potion of might.
You feel very mighty all of a sudden. The lemure barely misses you.
The orc barely misses you.
It was a potion of flight.
You feel more buoyant. The lemure barely misses you.
The orc hits you with a +0 club.
You die...

...# ...##
....## .....
oo.#
#########...#
#..[.5..oo#
#.....K5@.#
#......5..#
#......5..#
#.........#
#.........#
#.........#
#...[.....#
#.........#
#####...###


You could see Pikel, 4 lemures, an orc priest and 3 orcs.

Vanquished Creatures
  Natasha (thrice) (D:3)
  4 adders
  2 dart slugs
  An orc (D:3)
  2 bats (D:1)
  4 endoplasms
  A giant cockroach (D:1)
  2 goblins
  4 hobgoblins
  4 jackals (D:1)
  5 kobolds
  5 quokkas
  6 ball pythons
  7 frilled lizards
  4 rats
54 creatures vanquished.

Notes
Turn   | Place    | Note
-------+----------+-------------------------------------------
     0 | D:1      | poover the Djinni Conjurer began the quest for the Orb.
     0 | D:1      | Reached XP level 1. HP: 15/15 MP: 0/0
   318 | D:1      | Reached XP level 2. HP: 11/21 MP: 0/0
  1381 | D:1      | Reached XP level 3. HP: 21/25 MP: 0/0
  1381 | D:1      | Learned a level 1 spell: Sting
  2510 | D:2      | Reached skill level 4 in Spellcasting
  2773 | D:2      | Noticed Sigmund
  2844 | D:2      | Reached XP level 4. HP: 16/31 MP: 0/0
  3253 | D:2      | Found Juej's Assorted Antiques.
  3616 | D:3      | Noticed Natasha
  3624 | D:3      | Killed Natasha
  3828 | D:3      | Found a runed translucent door.
  3829 | D:3      | Noticed Crazy Yiuf
  3921 | D:3      | Noticed Natasha
  3946 | D:3      | Killed Natasha
  3947 | D:3      | Reached XP level 5. HP: 13/35 MP: 0/0
  3947 | D:3      | Learned a level 2 spell: Static Discharge
  4013 | D:3      | Noticed Natasha
  4017 | D:3      | Killed Natasha
  5030 | D:3      | You are sucked into a shaft and drop 2 floors!
  5030 | D:5      | Entered Level 5 of the Dungeon
  5030 | D:5      | Noticed Pikel
  5030 | D:5      | Noticed a lemure
  5030 | D:5      | Noticed a lemure
  5030 | D:5      | Noticed a lemure
  5030 | D:5      | Noticed a lemure
  5040 | D:5      | Slain by an orc

Illustrated notes

Levels and vault maps discovered:
D:1:      tarquinn_simple_flora_water_d, layout_basic
D:2:      layout_loops_ring, serial_shops, shop, minivault_14, uniq_sigmund
D:3:      minmay_wonky_spiral, layout_rooms, nicolae_uskayaw_suspiria,
          item_on_display_a, uniq_natasha, uniq_crazy_yiuf_cottage
D:5:      layout_rooms, nicolae_overflow_crystal_walls, minmay_misc_feat_tower,
          minmay_puff, uniq_grinder, uniq_edmund, uniq_pikel

Skill      XL: |  1  2  3  4 |
---------------+-------------+-----
Spellcasting   | 4 |  4.8
Stealth        | 2 |  2.3
Dodging        | |  2.5
Unarmed Combat | |  0.1

Action                   |  1- 3 |  4- 6 || total
-------------------------+-------+-------++-------
Melee: Unarmed           |     1 |       ||     1
 Cast: Magic Dart        |    64 |    45 ||   109
       Searing Ray       |     1 |     5 ||     6
       Static Discharge  |       |     1 ||     1
       Dazzling Flash    |       |     1 ||     1
  Use: Potion            |       |     2 ||     2
Armor: Robe              |     4 |     2 ||     6
Dodge: Dodged            |    14 |    17 ||    31

Table legend: (Time is in decaauts)
 A = Elapsed time spent in this place.
 B = Non-inter-level travel time spent in this place.
 C = Inter-level travel time spent in this place.
 D = Time resting spent in this place.
 E = Time spent auto-exploring this place.
 F = Levels seen in this place.
 G = Mean time per level.
                   A        B        C        D        E       F      G
               +--------+--------+--------+--------+--------+-----+--------+
         Total |   5054 |   4960 |     94 |   2550 |   1923 |   4 | 1263.5 |
       Dungeon |   5054 |   4960 |     94 |   2550 |   1923 |   4 | 1263.5 |
               +--------+--------+--------+--------+--------+-----+--------+

Top non-repeatable levels by time:
     D:1: 2493 daAuts
     D:3: 1583 daAuts
     D:2: 967 daAuts
     D:5: 9 daAuts
